 Dungeon Crawl Stone Soup version 0.18-a0-1121-gb454403 (webtiles) character file.

1231 esc the Insei (level 8, -10/63 (64) HPs)
             Began as a Demonspawn Monk on Jan 18, 2016.
             Was an Elder of Okawaru.
             Shot with an arrow by a centaur (15 damage)
             ... on level 6 of the Dungeon.
             The game lasted 00:20:25 (4760 turns).

esc the Insei (Demonspawn Monk)                     Turns: 4760, Time: 00:20:25

HP:   -10/63 (64)   AC:  3    Str: 12    XL:     8   Next: 24%
MP:   12/12         EV: 17    Int: 12    God:    Okawaru [****..]
Gold: 293           SH:  0    Dex: 22    Spells: 0 memorised, 7 levels left

rFire  . . .     SeeInvis .       - Unarmed
rCold  . . .     Gourm    .     a - +1 robe
rNeg   . . .     Faith    .     (no shield)
rPois  +         Spirit   .     (no helmet)
rElec  .         Dismiss  .     (no cloak)
rCorr  .         Reflect  .     (no gloves)
SustAt .         Harm     .     (no boots)
MR     .....                    o - amulet of regeneration {+regen, !d}
Stlth  +++.......               q - ring of flight {+Fly, !d}
                                f - ring of poison resistance {rPois, !d}

@: agile, very slightly contaminated, not resistant to hostile enchantments,
fairly stealthy
A: hooves 1, demonic guardian 1, powered by pain 2
a: Heroism, Renounce Religion, Evoke Flight


You were on level 6 of the Dungeon.
You worshipped Okawaru.
Okawaru was greatly pleased with you.
You were not hungry.

You visited 2 branches of the dungeon, and saw 7 of its levels.

You collected 293 gold pieces.

Inventory:

Missiles
 r - 26 poisoned needles
 u - 2 throwing nets {=f, !d}
Armour
 a - a +1 robe (worn)
Jewellery
 f - a ring of poison resistance (left hand) {rPois, !d}
   (You found it on level 1 of the Dungeon)
 o - an amulet of regeneration (around neck) {+regen, !d}
   (You took it off a goblin on level 2 of the Dungeon)
 q - a ring of flight (right hand) {+Fly, !d}
   (You found it on level 3 of the Dungeon)
Scrolls
 d - a scroll of identify
 n - a scroll of enchant armour
 p - 2 scrolls of remove curse
 w - 2 scrolls of enchant weapon
Potions
 e - a potion of flight
 g - 2 potions of brilliance
 h - 2 potions of cure mutation {!q}
 l - a potion of mutation {unknown}
 m - a potion of poison {unknown}
 t - a potion of magic {unknown}
 x - a potion of might {unknown}
Books
 c - a book of Fire
   (You found it on level 6 of the Dungeon)
 y - a book of Transfigurations
   (You found it on level 6 of the Dungeon)
Comestibles
 b - 3 bread rations {@e1}
 i - 2 slices of pizza
 k - 4 meat rations {@e2}
 v - 4 chunks of flesh {@w0}


   Skills:
 + Level 5.8 Fighting
 + Level 5.4 Dodging
 - Level 1.7 Stealth
 + Level 5.9 Unarmed Combat
 + Level 5.5 Invocations


You had 7 spell levels left.
You didn't know any spells.

Dungeon Overview and Level Annotations

Branches:
Dungeon (6/15)             Temple (1/1) D:5

Altars:
Ashenzari
Cheibriados
Dithmenos
Fedhas
Gozag
Kikubaaqudgha
Makhleb
Okawaru
Pakellas
Qazlal
Trog
Xom
Yredelemnul
The Shining One

Shops:
D:5 :

Annotations:
D:4 exclusion: Eustachio, Eustachio


Innate Abilities, Weirdness & Mutations

You have large cloven feet.
A weak demonic guardian rushes to your aid.
You sometimes gain power by taking damage.


Message History

A necrophage comes into view.
You hit the giant cockroach but do no damage.
Your kick misses the giant cockroach.
The necrophage moves out of view.
The giant cockroach closely misses you.
You punch the giant cockroach!
You kill the giant cockroach!
Okawaru accepts your kill.
No target in view!
You hit the necrophage.
You kick the necrophage, but do no damage.
You are feeling hungry.
Your iron imp barely misses the necrophage.
The necrophage barely misses you.
You hit the necrophage.
Your iron imp barely misses the necrophage.
The necrophage hits you.
You feel ill.
Your flesh rots away! x2
You take 4 damage, and have 42/63 hp.
You closely miss the necrophage. The necrophage barely misses you.
Your iron imp hits the necrophage.
You closely miss the necrophage.
The necrophage hits you but does no damage.
You hit the necrophage but do no damage.
Your iron imp disappears in a puff of smoke!
You barely miss the necrophage.
You kick the necrophage, but do no damage.
The necrophage closely misses you.
You hit the necrophage. The necrophage closely misses you.
You barely miss the necrophage. Your kick misses the necrophage.
Your white imp gestures at the necrophage.
The puff of frost hits the necrophage.
The necrophage resists.
The necrophage barely misses your white imp.
You hit the necrophage.
Your white imp gestures at the necrophage.
The puff of frost hits the necrophage.
The necrophage resists.
The necrophage hits your white imp!
You hit the necrophage.
You kick the necrophage, but do no damage.
Your white imp hits the necrophage but does no damage.
The necrophage hits your white imp.
Your white imp dies!
You hit the necrophage.
You destroy the necrophage!
Okawaru accepts your kill.
You see here a necrophage corpse.
You butcher the necrophage corpse.
You see here an inedible chunk of flesh {@w0}.
Eating one of 5 chunks of flesh {@w0}.
You continue eating. x2
You open the door.
There is an open door here.
You open the door.
There is an open door here.
A centaur comes into view.
You see here a scroll of identify.
d - a scroll of identify The centaur shouts!
The centaur wields a shortbow.
The centaur shoots an arrow.
The arrow barely misses your white imp. The arrow completely misses you.
The centaur shoots an arrow.
The arrow hits you!
The centaur shoots an arrow.
The arrow hits you!
You focus on the pain.
You feel agile all of a sudden.
You see here 2 arrows.
You take 20 damage, and have 22/63 hp.
MASSIVE DAMAGE!!
The centaur shoots an arrow.
The arrow barely misses you.
The centaur shoots an arrow.
The arrow barely misses you.
You swap places.
An ogre comes into view. It is wielding a giant club.
The centaur shoots an arrow.
The arrow completely misses you.
Read which item? (? for menu, Esc to quit)
Really read
j - a scroll of blinking {!r}?
Blink to where?
You are very lightly contaminated with residual magic.
As you read the scroll of blinking {!r}, it crumbles to dust.
Something disappears in a puff of smoke!
You feel your health improve.
You close the door.
A centaur opens the door.
The centaur shoots an arrow.
The arrow barely misses you.
The centaur shoots an arrow.
The arrow hits you!
* * * LOW HITPOINT WARNING * * *
You see here an arrow.
You take 17 damage, and have 9/63 hp.
MASSIVE DAMAGE!!
The centaur shoots an arrow.
The arrow closely misses you.
You see here 2 arrows.
The centaur shoots an arrow.
The arrow barely misses you.
You see here an arrow.
The centaur shoots an arrow.
The arrow misses your ufetubus. The arrow misses you.
You see here an arrow.
The centaur shoots an arrow.
The arrow hits you!
* * * LOW HITPOINT WARNING * * *
The centaur shoots an arrow.
The arrow hits your ufetubus.
There is a stone staircase leading up, spattered with blood here.
You see here an arrow.
You take 9 damage, and have 5/63 hp.
The centaur shoots an arrow.
The arrow misses your ufetubus. The arrow hits you!
You die...

###.....#.#.# # ............# #
.(#.#####)).# # ##... .#
..#.......#.## # .... .#
#.......#.#..####### ##...##.
#######.###..##..... ........
#.............+..... .......#
#.#####.#...#.#..... .......#
#..@....#..........# .......#
#..5#####..........#
.......#######...# #.......<#.#
.........%..##...# #...#..(##.#
#####.......##...# #).........#
#####.......##(..#####.#.#.#[####
....'..c..(((................)...
#####.......c........).#.#....#.#
########.##.....####.#.#....#


You could see a centaur and a friendly ufetubus.

Vanquished Creatures
  An ice beast (D:6)
  A necrophage (D:6)
  3 ogres
  A phantom (D:6)
  A centaur (D:6)
  3 giant frogs (D:6)
  A scorpion (D:5)
  2 orc priests
  2 orc wizards
  A centaur skeleton (D:4)
  An iguana (D:6)
  A hound skeleton (D:4)
  8 adders
  4 gnolls (D:5)
  An adder zombie (D:5)
  2 worms
  5 giant geckos
  5 orcs
  A ball python (D:5)
  2 giant cockroaches
  13 goblins
  6 hobgoblins
  4 quokkas
  8 bats
  A giant cockroach zombie (D:5)
  2 giant newts
  2 kobolds
  8 rats
90 creatures vanquished.

Vanquished Creatures (collateral kills)
  A centaur (D:5)
  3 orc wizards (D:5)
  A worker ant (D:5)
  An orc (D:5)
  2 quokkas (D:6)
8 creatures vanquished.

Grand Total: 98 creatures vanquished

Notes
Turn   | Place    | Note
--------------------------------------------------------------
     0 | D:1      | esc the Demonspawn Monk began the quest for the Orb.
     0 | D:1      | Reached XP level 1. HP: 18/18 MP: 1/1
   307 | D:1      | Reached skill level 3 in Dodging
   310 | D:1      | Gained mutation: You sometimes gain a little power by taking damage. [demonic ancestry]
   310 | D:1      | Reached XP level 2. HP: 18/24 MP: 2/2
   328 | D:1      | HP: 4/24 [hobgoblin/club (4)]
  1431 | D:2      | Gained mutation: You have large cloven feet. [demonic ancestry]
  1431 | D:2      | Reached XP level 3. HP: 26/29 MP: 3/3
  1577 | D:2      | Found a shimmering altar of Xom.
  1755 | D:2      | Reached skill level 4 in Unarmed Combat
  1959 | D:3      | Gained mutation: You sometimes gain power by taking damage. [demonic ancestry]
  1959 | D:3      | Reached XP level 4. HP: 29/37 MP: 4/4
  2018 | D:3      | Found a stormy altar of Qazlal.
  2456 | D:4      | Reached skill level 4 in Fighting
  2481 | D:4      | Noticed an ogre
  2613 | D:4      | Noticed Eustachio
  2638 | D:4      | Gained mutation: A weak demonic guardian rushes to your aid. [demonic ancestry]
  2638 | D:4      | Reached XP level 5. HP: 39/42 MP: 5/5
  2717 | D:5      | Entered Level 5 of the Dungeon
  2727 | D:5      | Found a staircase to the Ecumenical Temple.
  2735 | D:5      | Found Tyruw's Book Boutique.
  2738 | Temple   | Entered the Ecumenical Temple
  2804 | Temple   | Became a worshipper of Warmaster Okawaru
  2804 | Temple   | Reached * piety under Okawaru
  2804 | Temple   | Reached ** piety under Okawaru
  2873 | D:5      | Reached skill level 1 in Invocations
  3186 | D:5      | Reached skill level 4 in Dodging
  3245 | D:5      | Found a stormy altar of Qazlal.
  3275 | D:5      | Noticed an ogre
  3316 | D:5      | Reached XP level 6. HP: 49/49 MP: 7/7
  3333 | D:5      | Reached skill level 2 in Invocations
  3574 | D:5      | Reached skill level 5 in Unarmed Combat
  3922 | D:5      | HP: 5/49 [orc priest/nerve-wracking pain (14)]
  4014 | D:5      | HP: 11/49 [centaur/arrow (18)]
  4014 | D:5      | HP: 5/49 [centaur/arrow (6)]
  4015 | D:5      | Reached skill level 3 in Invocations
  4113 | D:6      | Reached *** piety under Okawaru
  4113 | D:6      | Reached XP level 7. HP: 41/55 MP: 9/9
  4152 | D:6      | Reached skill level 5 in Fighting
  4235 | D:6      | Reached skill level 4 in Invocations
  4330 | D:6      | Reached skill level 5 in Dodging
  4338 | D:6      | HP: 14/56 [giant frog (7)]
  4343 | D:6      | HP: 1/56 [giant frog (7)]
  4547 | D:6      | Reached **** piety under Okawaru
  4547 | D:6      | Reached skill level 5 in Invocations
  4547 | D:6      | Reached XP level 8. HP: 47/63 MP: 11/11
  4750 | D:6      | HP: 9/63 [centaur/arrow (17)]
  4759 | D:6      | HP: 5/63 [centaur/arrow (10)]
  4760 | D:6      | Shot with an arrow by a centaur

Vault maps used:
D:1:      lightli_arrival_flooded_house
D:2:      lemuel_doored_altar, nicolae_overflow_hidden_temple
D:3:      nicolae_qazlal_general_emergency
D:4:      minitemple, lemuel_round_altar, uniq_eustachio, uniq_natasha
D:5:      lemuel_coloured_pillars_altar, minmay_temple_entry_grid, serial_shops,
          shop, first_bread, lemuel_flamethrower_2
Temple:   circular_temple_12

Action                   |  1- 3 |  4- 6 |  7- 9 || total
-------------------------+-------+-------+-------++-------
Melee: Unarmed           |   167 |   187 |    97 ||   451
Invok: Heroism           |       |     1 |       ||     1
  Use: Scroll            |     9 |     5 |     2 ||    16
       Potion            |     1 |     3 |     2 ||     6
 Stab: Sleeping          |     6 |     3 |     3 ||    12
       Distracted        |       |       |     1 ||     1
  Eat: Chunk             |     3 |     7 |     3 ||    13

Vault maps used:
D:1:      lightli_arrival_flooded_house
D:2:      lemuel_doored_altar, nicolae_overflow_hidden_temple
D:3:      nicolae_qazlal_general_emergency
D:4:      minitemple, lemuel_round_altar, uniq_eustachio, uniq_natasha
D:5:      lemuel_coloured_pillars_altar, minmay_temple_entry_grid, serial_shops,
          shop, first_bread, lemuel_flamethrower_2
Temple:   circular_temple_12

Table legend:
 A = Turns spent in this place as a percentage of turns spent in the entire game.
 B = Non-inter-level travel turns spent in this place as a percentage of non-inter-level travel turns spent in the entire game.
 C = Inter-level travel turns spent in this place as a percentage of turns spent in this place.
 D = Turns resting spent in this place as a percentage of non-inter-level travel turns spent in this place.
 E = Turns spent auto-exploring this place as a percentage of non-inter-level travel turns spent in this place.
 F = Non-inter-level travel turns spent in this place divided by the number of levels of this place that you've seen.
                   A       B       C       D       E      F
               +-------+-------+-------+-------+-------+----------------------
         Total | 100.0 | 100.0 |   0.5 |   1.3 |   7.9 | 247.4
       Dungeon |  97.9 |  97.9 |   0.5 |   1.4 |   7.7 | 282.5
        Temple |   2.1 |   2.1 |   0.0 |   0.0 |  16.2 |  37.0
               +-------+-------+-------+-------+-------+----------------------

Table legend:
 A = Kills in this place as a percentage of kills in entire the game.
 B = Kills by you in this place as a percentage of kills by you in the entire game.
 C = Kills by friends in this place as a percentage of kills by friends in the entire game.
 D = Other kills in this place as a percentage of other kills in the entire game.
 E = Experience gained in this place as a percentage of experience gained in the entire game.
 F = Experience gained in this place divided by the number of levels of this place that you have seen.
                   A       B       C       D       E      F
               +-------+-------+-------+-------+-------+----------------------
         Total | 100.0 | 100.0 | 100.0 |  -nan | 100.0 | 251.3
       Dungeon | 100.0 | 100.0 | 100.0 |  -nan | 100.0 | 293.2
               +-------+-------+-------+-------+-------+----------------------
